 Dungeon Crawl Stone Soup version 0.17.1-1-g73c8601 (console) character file.

212842 Kloppie the Minotaur Blade (level 18, -6/180 HPs)
             Began as a Minotaur Berserker on Dec 18, 2015.
             Was a High Priest of Trog.
             Mangled by Arachne
             ... wielding an uncursed staff of poison
              (10 damage)
             ... on level 2 of the Spider Nest.
             The game lasted 01:16:55 (34904 turns).

Kloppie the Minotaur Blade (Minotaur Berserker)    Turns: 34904, Time: 01:16:55

Health: -6/180     AC: 20    Str: 30    XL:     18   Next: 63%
Magic:  17/17      EV:  6    Int: 10    God:    Trog [*****.]
Gold:   2669       SH:  0    Dex: 13    Spells: 0 memorised, 17 levels left

rFire  . . .     SeeInvis .     a - +12 triple sword {venom, rF- Int+6}
rCold  + . .     Clarity  +     h - +0 swamp dragon armour
rNeg   + + .     SustAt   .     (shield currently unavailable)
rPois  +         Gourm    .     X - +2 hat
rElec  .         Spirit   .     R - +0 cloak
rCorr  +         Warding  .     E - +0 pair of gloves "Dihuqod" {*Contam rC+ rCorr Str+3}
rMut   .         Stasis   .     j - +1 pair of boots
MR     +++..                    A - amulet of clarity
Stlth  +.........               g - ring "Zerghuh" {rF+ rN+}
                                N - ring of positive energy

@: lethally poisoned (-6 -> -7), held, regenerating, extremely resistant to
hostile enchantments, very unstealthy
A: retaliatory headbutt, horns 2
a: Berserk, Trog's Hand, Brothers in Arms, Burn Spellbooks, Renounce Religion


You were on level 2 of the Spider Nest.
You worshipped Trog.
Trog was extremely pleased with you.
You were not hungry.

You visited 6 branches of the dungeon, and saw 33 of its levels.
You visited the Abyss 1 time.
You also visited: Sewer, Ossuary and Ice Cave.

You collected 3681 gold pieces.
You spent 1012 gold pieces at shops.

Inventory:

Hand Weapons
 a - the +12 triple sword of Zoices (weapon) {venom, rF- Int+6}
   (Trog gifted it to you on level 6 of the Lair of Beasts)

   It poisons the flesh of those it strikes.
   It affects your intelligence (+6).
   It makes you vulnerable to fire.
 b - a +0 dire flail
 w - a +2 double sword of draining
 Q - a +2 antimagic triple sword
Missiles
 o - 8 javelins of returning (quivered)
 y - 7 javelins of penetration
Armour
 h - a +0 swamp dragon armour (worn)
 j - a +1 pair of boots (worn)
 E - the +0 pair of gloves "Dihuqod" (worn) {*Contam rC+ rCorr Str+3}
   (You acquired it on level 3 of the Swamp)

   It affects your strength (+3).
   It protects you from cold.
   It causes magical contamination when unequipped.
   It protects you from acid and corrosion.
 R - a +0 cloak (worn)
 W - the +6 chain mail of Waecal {MR+ Str+4}
   (You bought it in a shop on level 4 of the Orcish Mines)

   It affects your strength (+4).
   It affects your resistance to hostile enchantments.
 X - a +2 hat (worn)
Jewellery
 g - the ring "Zerghuh" (right hand) {rF+ rN+}
   (You found it on level 11 of the Dungeon)

   [ring of positive energy]

   It protects you from fire.
   It protects you from negative energy.
 t - the amulet "Pacaics" {Stasis MP+9}
   (You found it on level 13 of the Dungeon)

   [amulet of stasis]

   It prevents you from being teleported, slowed, hasted or paralysed.
   It affects your magic capacity (+9).
 A - an amulet of clarity (around neck)
 J - an uncursed ring of ice
 N - a ring of positive energy (left hand)
 Y - an uncursed amulet of regeneration
Wands
 l - a wand of heal wounds (5)
 m - a wand of teleportation (3)
 z - a wand of digging (8)
 K - a wand of disintegration (7)
 O - a wand of invisibility (3)
 V - a wand of hasting (4)
Scrolls
 d - 2 scrolls of recharging
 f - a scroll of acquirement
 r - 3 scrolls of blinking
 u - 5 scrolls of identify
 v - 4 scrolls of enchant weapon
 x - 5 scrolls of enchant armour
 F - a scroll of fog
 G - 4 scrolls of teleportation
 L - 10 scrolls of remove curse
 M - 2 scrolls of fear
 T - 4 scrolls of magic mapping
Potions
 e - 10 potions of lignification
 i - 7 potions of haste
 q - 8 potions of agility
 s - 2 potions of berserk rage
 B - a potion of invisibility
 D - 7 potions of curing
 I - a potion of might
Comestibles
 c - 25 bread rations
 P - 13 meat rations


   Skills:
 - Level 20.4 Fighting
 - Level 24.0 Long Blades
 + Level 15.7 Armour
 - Level 2.4 Dodging


You had 17 spell levels left.
You didn't know any spells.

Dungeon Overview and Level Annotations

Branches:
Dungeon (15/15)            Temple (0/1) D:5            Lair (8/8) D:10
  Swamp (3/4) Lair:5       Spider (2/4) Lair:3        Slime (0/6) Lair:7
    Orc (4/4) D:11            Elf (0/3) Orc:4        Vaults (0/5) D:13
 Depths (1/5) D:15

Altars:
Ashenzari
Dithmenos
Makhleb
Nemelex Xobeh
Okawaru
Qazlal
Trog
Xom
Yredelemnul
Zin
The Shining One
Jiyva

Shops:
D:10 [   D:11 *   Orc:2 *   Orc:4 ?*!*}

Annotations:
Swamp:3 exclusion: 2 oklob plants
Spider:2 Arachne


Innate Abilities, Weirdness & Mutations

You reflexively headbutt those who attack you in melee.
You have a pair of horns on your head.


Message History

* * * LOW HITPOINT WARNING * * *
Your ogre goes berserk!
You feel somewhat more hungry.
You feel sick. Arachne casts a spell at you. The bolt of poison hits you!
You resist.
* * * LOW HITPOINT WARNING * * *
You fail to use your ability.
You feel sick.
Arachne hits you with a staff of poison!
* * * LOW HITPOINT WARNING * * *
You are more poisoned.
Drink which item? (? for menu, Esc to quit)
You feel better.
Arachne stares at you and mumbles some strange words.
The poison arrow hits you!
You are poisoned.
You partially resist.
* * * LOW HITPOINT WARNING * * *
Your ogre hits Arachne with a giant club!!
Arachne hits you with a staff of poison!
You die...

.^..^......... ##
###.............^ ##.
#.......:......... ##..##
#......#.........
##.....###...............
#....(...................
#.......O...............
##^.....@H...........%...
^....................<...
#^................#....#.
....#....................
..# ##..##.#.............
. ^#######†..#.†.....^.
.......^......^......
#.............>...†..
#......<.....^.......


You could see Arachne and a friendly ogre (berserk).

Vanquished Creatures
  4 thorn hunters (Swamp:3)
  Agnes (Spider:1)
  Kirke (D:13)
  Nessos (Lair:5)
  Snorg (D:11)
  The ghost of DeXoteric the Severer, a journeyman HOCK of Xom (Lair:2)
  A yaktaur captain (D:15)
  The ghost of Kloppie the Basher, a journeyman DrFi of Makhleb (D:13)
  The ghost of srt19170 the Protected, a journeyman MiBe of Trog (D:11)
  10 hydras
  6 death yaks (Lair:4)
  3 alligators
  5 ogre magi
  2 catoblepae
  3 tengu warriors
  Urug (Orc:3)
  2 ice devils (IceCv)
  11 spriggans
  2 deep elf knights
  5 skeletal warriors
  6 hill giants
  2 swamp dragons (Swamp:1)
  A deep troll (D:15)
  2 shambling mangroves
  Pikel (D:7)
  An orc sorcerer (Orc:2)
  2 wizards (D:14)
  5 orb spiders
  3 hornets
  13 wolf spiders
  2 ugly things (D:13)
  3 cyclopes
  A necromancer (IceCv)
  2 orc knights
  A griffon (Lair:8)
  8 slime creatures
  4 manticores
  5 elephants (Lair:3)
  Maurice (D:11)
  2 ice statues (IceCv)
  19 spiny frogs
  Psyche (D:10)
  A torpor snail (Spider:1)
  5 black mambas
  2 gargoyles
  6 fire drakes
  10 komodo dragons
  3 tengu conjurers
  3 demonic crawlers
  2 deep elf priests
  3 spriggan druids
  3 trolls
  12 jumping spiders
  11 polar bears
  5 blue devils (IceCv)
  2 boulder beetles
  14 two-headed ogres
  11 blink frogs
  6 bog bodies
  5 giant leeches
  12 tarantellas
  4 hogs (D:13)
  2 deep elf magi
  3 trapdoor spiders (Spider:1)
  25 redbacks
  8 basilisks
  57 yaks
  2 wyverns
  2 hungry ghosts
  A fire elemental (D:14)
  11 swamp worms
  7 vampire mosquitoes
  15 hippogriffs
  A warg (Orc:1)
  6 insubstantial wisps
  A mottled dragon (D:14)
  32 wolves
  9 porcupines
  3 soldier ants (Lair:5)
  3 necrophages
  14 wasps
  A slave (D:7)
  9 black bears
  18 orc warriors
  5 phantoms
  10 water moccasins
  16 spiders
  An eye of draining (D:13)
  5 swamp drakes
  17 ice beasts
  21 ogres
  5 centaurs
  6 sky beasts
  A big kobold (D:11)
  12 crocodiles
  4 elf zombies
  Blork the orc (D:4)
  19 giant frogs
  An elf skeleton (D:8)
  A scorpion (D:11)
  2 wyvern skeletons
  The ghost of bugmum the Skirmisher, a weakling DrBe of Trog (D:3)
  12 wights
  4 killer bees
  An electric eel (Lair:2)
  21 orc priests
  A lava snake (D:13)
  6 centaur skeletons
  8 crimson imps
  A human zombie (Ossuary)
  4 jellies
  2 quasits (D:5)
  Crazy Yiuf (D:4)
  3 giant frog skeletons
  A gnoll shaman (D:5)
  Ijyb (D:3)
  A draconian simulacrum (IceCv)
  A giant frog zombie (D:7)
  2 human skeletons (D:8)
  18 orc wizards
  10 iguanas
  4 hounds
  17 worker ants
  A spriggan simulacrum (IceCv)
  4 hell rats
  A killer bee zombie (D:8)
  2 big kobold zombies (Ossuary)
  39 sheep
  6 troll simulacra (IceCv)
  4 mummies (Ossuary)
  Robin (D:3)
  6 gnolls (D:5)
  90 river rats
  18 adders
  5 shadow imps
  2 naga simulacra (IceCv)
  A white imp (D:9)
  An ooze (D:5)
  An adder skeleton (D:4)
  2 adder zombies
  2 worms (D:5)
  153 orcs
  8 ball pythons
  11 bats
  7 giant cockroaches
  2 gnoll zombies (Ossuary)
  9 hobgoblins
  14 kobolds
  8 quokkas
  7 giant geckos
  5 giant newts
  20 goblins
  2 goblin skeletons (D:9)
  3 goblin zombies
  3 hobgoblin zombies (D:9)
  21 jackals
  2 jackal zombies
  3 kobold zombies
  2 orc skeletons (D:8)
  An orc zombie (D:9)
  13 rats
  A briar patch (Swamp:3)
  6 fungi
  2 plants (Lair:6)
1233 creatures vanquished.

Vanquished Creatures (collateral kills)
  Erolcha (D:11)
  2 hydras
  An ogre mage (Orc:4)
  Nergalle (D:11)
  A shambling mangrove (Swamp:3)
  A komodo dragon (Lair:4)
  4 two-headed ogres (Orc:4)
  2 redbacks (Lair:8)
  A spriggan (Lair:8)
  A wolf (Lair:8)
  2 swamp worms (Swamp:1)
  3 vampire mosquitoes (Swamp:1)
  2 insubstantial wisps (Swamp:1)
  A black bear (Lair:8)
  A phantom (D:11)
  8 ogres
  A crocodile (Lair:4)
  An orc (Orc:4)
34 creatures vanquished.

Vanquished Creatures (others)
  A komodo dragon (Lair:7)
  A fire drake (Lair:6)
  2 blue devils (IceCv)
  A giant leech (Swamp:1)
  3 yaks (Lair:6)
  A tarantella (Spider:2)
  A hippogriff (Lair:6)
  A human (D:13)
  2 soldier ants (Lair:5)
  A slave (D:7)
  A worker ant (D:7)
  5 orcs
  12 bushes
  49 fungi
  19 plants
100 creatures vanquished.

Grand Total: 1367 creatures vanquished

Notes
Turn   | Place    | Note
--------------------------------------------------------------
     0 | D:1      | Kloppie the Minotaur Berserker began the quest for the Orb.
     0 | D:1      | Reached XP level 1. HP: 19/19 MP: 0/0
    45 | D:1      | Reached skill level 4 in Fighting
    47 | D:1      | Reached XP level 2. HP: 25/27 MP: 1/1
   701 | D:2      | Reached ** piety under Trog
  1065 | D:2      | Reached XP level 3. HP: 26/34 MP: 2/2
  1089 | D:2      | Found a stormy altar of Qazlal.
  1148 | D:2      | Found a basalt altar of Yredelemnul.
  1243 | D:2      | Found a bloodstained altar of Trog.
  1710 | D:3      | Noticed bugmum's ghost (weakling DrBe)
  1724 | D:3      | Killed bugmum's ghost
  1724 | D:3      | Reached skill level 5 in Fighting
  1724 | D:3      | Reached XP level 4. HP: 16/42 MP: 3/3
  1864 | D:3      | Reached skill level 5 in Long Blades
  1902 | D:3      | Noticed Robin
  1905 | D:3      | Paralysed by a goblin for 2 turns
  1911 | D:3      | Paralysed by a goblin for 4 turns
  1927 | D:3      | Killed Robin
  1927 | D:3      | Reached XP level 5. HP: 32/49 MP: 4/4
  2139 | D:3      | Reached *** piety under Trog
  2241 | D:3      | Noticed an ice beast
  2245 | D:3      | Killed an ice beast
  2245 | D:3      | Reached skill level 6 in Fighting
  2368 | D:3      | Noticed Ijyb
  2378 | D:3      | Reached XP level 6. HP: 44/57 MP: 5/5
  2383 | D:3      | Killed Ijyb
  2816 | D:4      | Reached skill level 7 in Fighting
  3099 | D:4      | Reached XP level 7. HP: 56/66 MP: 6/6
  3236 | D:4      | Found a glowing drain.
  3246 | D:4      | Reached **** piety under Trog
  3255 | Sewer    | Entered a sewer
  3741 | D:4      | Found a shimmering altar of Xom.
  3851 | D:4      | Noticed Blork the orc
  3858 | D:4      | Killed Blork the orc
  3858 | D:4      | Reached skill level 8 in Fighting
  3866 | D:4      | Noticed Crazy Yiuf
  3874 | D:4      | Killed Crazy Yiuf
  4137 | D:4      | Reached XP level 8. HP: 56/75 MP: 7/7
  4208 | D:5      | Entered Level 5 of the Dungeon
  4221 | D:5      | Reached skill level 9 in Long Blades
  4588 | D:5      | Found a staircase to the Ecumenical Temple.
  4605 | D:5      | Reached skill level 10 in Long Blades
  4644 | D:5      | Found a shadowy altar of Dithmenos.
  4660 | D:5      | Reached skill level 10 in Fighting
  4855 | D:5      | Found a glowing silver altar of Zin.
  4855 | D:5      | Found an iron altar of Okawaru.
  5108 | D:6      | Reached ***** piety under Trog
  5166 | D:6      | Reached XP level 9. HP: 32/86 MP: 8/8
  5630 | D:6      | Reached skill level 11 in Long Blades
  5710 | D:6      | Found a burning altar of Makhleb.
  6358 | D:7      | Noticed Pikel
  6374 | D:7      | Killed Pikel
  6374 | D:7      | Reached skill level 12 in Long Blades
  6531 | D:7      | Reached skill level 13 in Long Blades
  7654 | D:8      | Reached XP level 10. HP: 94/94 MP: 9/9
  7694 | D:8      | Reached skill level 14 in Long Blades
  7737 | D:8      | Found a sand-covered staircase.
  7749 | Ossuary  | Entered an ossuary
  8338 | D:8      | Found a shattered altar of Ashenzari.
  8884 | D:9      | Found a glowing golden altar of the Shining One.
  9184 | D:9      | Reached skill level 5 in Armour
  9475 | D:10     | Entered Level 10 of the Dungeon
  9528 | D:10     | Noticed Psyche
  9545 | D:10     | Found a staircase to the Lair.
  9915 | D:10     | Reached XP level 11. HP: 61/101 MP: 10/10
  9930 | D:10     | Received a gift from Trog
  9930 | D:10     | Reached skill level 10 in Armour
 10192 | D:10     | Killed Psyche
 10574 | D:10     | Found Ocanloegh's Armour Shoppe.
 10752 | D:11     | Noticed Nergalle
 10756 | D:11     | Killed Nergalle
 10758 | D:11     | Found a staircase to the Orcish Mines.
 10769 | D:11     | Noticed Erolcha
 10776 | D:11     | Killed Erolcha
 10803 | D:11     | Found Syuchelu's Assorted Antiques.
 10806 | D:11     | Bought a scroll labeled GUFOPTE USSORPH for 36 gold pieces
 10806 | D:11     | Bought a runed cloak for 162 gold pieces
 10882 | D:11     | Noticed srt19170's ghost (journeyman MiBe)
 10902 | D:11     | Killed srt19170's ghost
 10907 | D:11     | Noticed Maurice
 11148 | D:11     | Killed Maurice
 11380 | D:11     | Noticed Snorg
 11389 | D:11     | Killed Snorg
 11460 | D:11     | Noticed a hill giant
 11470 | D:11     | Killed a hill giant
 11671 | D:11     | Got a vibrating ivory ring
 11672 | D:11     | Identified the ring "Zerghuh" {rF+ rN+} (You found it on level 11 of the Dungeon)
 11886 | D:12     | Noticed a skeletal warrior
 11886 | D:12     | Noticed a skeletal warrior
 11886 | D:12     | Noticed a skeletal warrior
 11911 | D:11     | Noticed a hill giant
 11920 | D:11     | Killed a hill giant
 12185 | Lair:1   | Entered Level 1 of the Lair of Beasts
 12257 | Lair:1   | Reached XP level 12. HP: 98/107 MP: 11/11
 12388 | Lair:1   | Reached skill level 15 in Long Blades
 12491 | Lair:1   | Received a gift from Trog
 12629 | Lair:1   | Reached skill level 16 in Long Blades
 13121 | Lair:2   | Noticed DeXoteric's ghost (journeyman HOCK)
 13138 | Lair:2   | Killed DeXoteric's ghost
 13219 | Lair:2   | Noticed a four-headed hydra
 13232 | Lair:2   | Killed a four-headed hydra
 13232 | Lair:2   | Reached skill level 17 in Long Blades
 14136 | Lair:3   | Received a gift from Trog
 14146 | Lair:3   | Reached skill level 18 in Long Blades
 14428 | Lair:3   | Found a hole to the Spider Nest.
 15054 | Lair:4   | Reached XP level 13. HP: 114/114 MP: 12/12
 15087 | Lair:4   | Reached skill level 19 in Long Blades
 15331 | Lair:4   | Found a frozen archway.
 15380 | IceCv    | Entered an ice cave
 16156 | Lair:4   | Received a gift from Trog
 16183 | Lair:4   | Identified 2 scrolls of acquirement
 16621 | Lair:1   | Reached XP level 14. HP: 123/130 MP: 13/13
 16622 | Lair:1   | Reached skill level 15 in Fighting
 16622 | Lair:1   | Reached XP level 15. HP: 129/141 MP: 14/14
 16623 | Lair:1   | Reached XP level 16. HP: 135/152 MP: 15/15
 17310 | Lair:5   | Noticed Nessos
 17761 | Lair:5   | Found a staircase to the Swamp.
 17988 | Lair:5   | Killed Nessos
 18970 | Lair:6   | Received a gift from Trog
 18973 | Lair:6   | Got a slimy triple sword {god gift}
 18974 | Lair:6   | Identified the +12 triple sword of Zoices {venom, rF- Int+6} (Trog gifted it to you on level 6 of the Lair of Beasts)
 19462 | Lair:7   | Found a viscous altar of Jiyva.
 19462 | Lair:7   | Found a staircase to the Slime Pits.
 20658 | Orc:1    | Entered Level 1 of the Orcish Mines
 20731 | Orc:1    | Received a gift from Trog
 21137 | Orc:2    | Found Meugiac's Assorted Antiques.
 21499 | Orc:3    | Noticed Urug
 21507 | Orc:3    | Killed Urug
 21793 | Orc:2    | Reached ****** piety under Trog
 21977 | Orc:2    | Received a gift from Trog
 22027 | Orc:4    | Entered Level 4 of the Orcish Mines
 22098 | Orc:4    | Received a gift from Trog
 22297 | Orc:4    | Found Deorech's Quality Used Wands.
 22321 | Orc:4    | Bought a wand of hasting (0) for 336 gold pieces
 22334 | Orc:4    | Found a staircase to the Elven Halls.
 22388 | Orc:4    | Found Tud Narif's Magic Scroll Boutique.
 22388 | Orc:4    | Found Boug's Distillery.
 22389 | Orc:4    | Found Githafoi's General Store.
 22389 | Orc:4    | Found Muoq's Assorted Antiques.
 22403 | Orc:4    | Cast into the Abyss (an ogre mage)
 22462 | Orc:4    | Escaped the Abyss
 22475 | Orc:4    | Reached skill level 20 in Long Blades
 22486 | Orc:4    | HP: 4/159 [ogre/giant club (16)]
 22492 | Orc:3    | Reached XP level 17. HP: 24/166 MP: 16/16
 22493 | Orc:3    | Received a gift from Trog
 23139 | Orc:4    | Bought a brightly glowing chain mail for 313 gold pieces
 23139 | Orc:4    | Bought a blackened soapstone amulet for 165 gold pieces
 23151 | Orc:4    | Identified the +6 chain mail of Waecal {MR+ Str+4} (You bought it in a shop on level 4 of the Orcish Mines)
 23723 | Lair:8   | Entered Level 8 of the Lair of Beasts
 23938 | Lair:8   | Received a gift from Trog
 23947 | Lair:8   | Reached skill level 21 in Long Blades
 25361 | D:12     | Killed a skeletal warrior
 25367 | D:12     | Killed a skeletal warrior
 25371 | D:12     | Killed a skeletal warrior
 25395 | D:12     | Noticed a skeletal warrior
 25407 | D:12     | Killed a skeletal warrior
 25461 | D:12     | Found a sparkling altar of Nemelex Xobeh.
 25786 | D:12     | Noticed a tengu warrior
 25789 | D:12     | Killed a tengu warrior
 25954 | D:13     | Reached skill level 22 in Long Blades
 25967 | D:13     | Received a gift from Trog
 26116 | D:13     | Noticed Kloppie's ghost (journeyman DrFi)
 26129 | D:13     | Killed Kloppie's ghost
 26313 | D:13     | Noticed Kirke
 26664 | D:13     | Killed Kirke
 26861 | D:13     | Got a sparkling silver amulet
 26886 | D:13     | Found a gate to the Vaults.
 27262 | D:14     | Received a gift from Trog
 27268 | D:14     | Identified the Tome of Darkness and Intoxication
 27270 | D:14     | Identified Oweutei's Tome of Beguiling
 28120 | D:15     | Entered Level 15 of the Dungeon
 28173 | D:15     | Identified the amulet "Pacaics" {Stasis MP+9} (You found it on level 13 of the Dungeon)
 28190 | D:15     | Reached skill level 23 in Long Blades
 28424 | D:15     | Found a staircase to the Depths.
 28748 | Depths:1 | Entered Level 1 of the Depths
 29040 | Swamp:1  | Entered Level 1 of the Swamp
 29047 | Swamp:1  | Received a gift from Trog
 30163 | Swamp:2  | Reached XP level 18. HP: 125/173 MP: 17/17
 30314 | Swamp:2  | Reached skill level 24 in Long Blades
 32154 | Swamp:3  | Got a pair of encrusted gloves
 32155 | Swamp:3  | Identified the +0 pair of gloves "Dihuqod" {*Contam rC+ rCorr Str+3} (You acquired it on level 3 of the Swamp)
 32532 | Spider:1 | Entered Level 1 of the Spider Nest
 33781 | Spider:2 | Noticed Agnes
 34296 | Spider:2 | Reached skill level 15 in Armour
 34660 | Spider:1 | Killed Agnes
 34880 | Spider:2 | Noticed Arachne
 34904 | Spider:2 | HP: 4/180 [Arachne/poison arrow (21)]
 34904 | Spider:2 | Mangled by Arachne

Action                   |  1- 3 |  4- 6 |  7- 9 | 10-12 | 13-15 | 16-18 || total
-------------------------+-------+-------+-------+-------+-------+-------++-------
Melee: Falchion          |    88 |   150 |   477 |   228 |       |       ||   943
       Scimitar          |       |       |       |   126 |       |       ||   126
       Great sword       |       |       |       |   482 |   172 |       ||   654
       Long sword        |       |       |       |       |    77 |   453 ||   530
       Triple sword      |       |       |       |       |       |  1141 ||  1141
       Dire flail        |       |       |       |       |       |    42 ||    42
Throw: Javelin           |       |       |       |       |       |     1 ||     1
Invok: Trog's Hand       |       |     1 |     2 |     8 |       |    14 ||    25
       Berserk           |       |     2 |       |     2 |       |     1 ||     5
       Brothers in Arms  |       |       |       |     2 |     2 |     9 ||    13
Evoke: Wand              |       |       |       |     5 |       |       ||     5
  Use: Scroll            |       |       |    15 |     7 |     7 |    21 ||    50
       Potion            |       |       |       |       |     3 |    10 ||    13
 Stab: Distracted        |       |       |       |       |       |     1 ||     1
       Confused          |       |       |       |       |       |     1 ||     1
  Eat: Chunk             |     2 |     7 |    16 |    23 |     2 |    50 ||   100
       Beef jerky        |       |       |       |     2 |     1 |     4 ||     7
       Pizza             |       |       |       |     2 |     1 |     3 ||     6
       Bread ration      |       |       |       |       |       |     3 ||     3
       Fruit             |       |       |       |       |       |     4 ||     4
